 Dungeon Crawl Stone Soup version 0.30-a0-824-g6c64550be9 (webtiles) character file.

Game seed: 11327006466251831116

321 cforsyth the Sneak (level 6, -6/38 HPs)
             Began as a Kobold Brigand on Feb 28, 2023.
             Mangled by an ogre
             ... wielding a +0 giant club
              (25 damage)
             ... on level 3 of the Dungeon.
             The game lasted 00:05:56 (4397 turns).

cforsyth the Sneak (Kobold Brigand)                 Turns: 4397, Time: 00:05:57

Health: -6/38      AC:  5    Str:  8    XL:     6   Next: 76%
Magic:  6/6        EV: 16    Int: 13    God:
Gold:   170        SH:  0    Dex: 18    Spells: 5/5 levels left

rFire   . . .      SeeInvis .    a - +2 dagger
rCold   . . .      Faith    .    (no shield)
rNeg    . . .      Spirit   .    b - +0 robe
rPois   .          Reflect  .    t - +1 hat
rElec   .          Harm     .    c - +0 cloak
rCorr   .          Rampage  .    u - +0 pair of gloves
Will    .....                    (no boots)
Stlth   +++++                    (no amulet)
HPRegen 0.26/turn                (no ring)
MPRegen 0.10/turn                (no ring)

@: no status effects
A: small, no large weapons, nightstalker 3
a: no special abilities


You were on level 3 of the Dungeon.
You visited 1 branch of the dungeon, and saw 4 of its levels.

You collected 170 gold pieces.

Inventory:

Hand Weapons
 a - a +2 dagger (weapon)
Missiles
 d - 11 poisoned darts (quivered)
 e - 3 curare-tipped darts
Armour
 b - a +0 robe (worn)
 c - a +0 cloak (worn)
 t - a +1 hat (worn)
 u - a +0 pair of gloves (worn)
Jewellery
 g - a +6 ring of dexterity
Scrolls
 f - a scroll of fog {unknown}
 h - a scroll of teleportation {unknown}
 j - a scroll of enchant armour {unknown}
 n - a scroll of magic mapping {unknown}
 s - a scroll of blinking {unknown}
 v - a scroll of silence {unknown}
 w - 2 scrolls of enchant weapon {unknown}
Potions
 i - a potion of flight
 k - a potion of magic {unknown}
 l - a potion of lignification {unknown}
 m - a potion of curing
 o - a potion of heal wounds {unknown}
 p - 2 potions of degeneration {unknown}
 q - 4 potions of attraction {unknown}
 r - a potion of cancellation {unknown}


   Skills:
 + Level 4.0 Fighting
 + Level 5.0 Short Blades
 - Level 2.1 Throwing
 + Level 3.9 Dodging
 + Level 6.9 Stealth


You had 5 spell levels left.
You didn't know any spells.
Your spell library contained the following spells:

 Spells                   Type           Power      Damage    Failure   Level
 Tukima's Dance           Hex            0%         N/A       67%         3
 Passage of Golubria      Tloc           0%         N/A       97%         4
 Yara's Violent Unravell  Hex/Tmut       0%         3d3       100%        5


Dungeon Overview and Level Annotations

Branches:
Dungeon (4/15)
 Temple: D:4-7

Altars:

Shops:
D:1 (   D:3 !


Innate Abilities, Weirdness & Mutations

You are small and have problems with some larger weapons.
You are completely attuned to the shadows.


Message History

You hit the ogre.
The ogre is lightly wounded.
The ogre misses you.
You hit the ogre.
The ogre is moderately wounded.
You hit the ogre.
The ogre is moderately wounded.
The ogre barely misses you.
You hit the ogre but do no damage.
The ogre is moderately wounded.
You barely miss the ogre.
The ogre is moderately wounded.
The ogre closely misses you.
You hit the ogre.
The ogre is heavily wounded.
You hit the ogre but do no damage.
The ogre is heavily wounded.
The ogre barely misses you.
You hit the ogre but do no damage.
The ogre is heavily wounded.
You hit the ogre.
The ogre is heavily wounded.
The ogre hits you with a +0 giant club!
You hit the ogre.
The ogre is severely wounded.
You hit the ogre.
The ogre is almost dead.
The ogre closely misses you.
You hit the ogre.
The ogre is almost dead.
You barely miss the ogre.
The ogre is almost dead.
The ogre hits you with a +0 giant club!
You hit the ogre but do no damage.
The ogre is almost dead.
You barely miss the ogre.
The ogre is almost dead.
The ogre hits you with a +0 giant club!!
Ouch! That really hurt!
You die...

###....## ###.###....# #.....#
#####.........##
#######.....#####.....>..######
...............).........#
#########'#.#.##.........#
#.#.#.##.).......#
#.#...[#.....†...#
#.###..).[....)..# #.#
##.)@(.......# #.#
###O######.## #.# #..# #..# #.#
#.########.# #.# #......≈##.##
#.# #.....~≈##..# #####.#
#....~≈≈##..# #.....#
#.....≈.''..# #.#####
#.....≈≈##..#


You could see an ogre.

Vanquished Creatures
  A scorpion (D:3)
  A hound (D:3)
  An iguana (D:4)
  Jessica (D:2)
  Natasha (D:3)
  Robin (D:3)
  4 adders
  A worm (D:2)
  11 orcs
  8 bats
  6 endoplasms
  6 giant cockroaches
  14 goblins
  9 hobgoblins
  8 jackals
  6 kobolds
  2 quokkas
  5 ball pythons
  3 frilled lizards
  6 rats
95 creatures vanquished.

Vanquished Creatures (others)
  13 fungi (D:2)
13 creatures vanquished.

Grand Total: 108 creatures vanquished

Notes
Turn   | Place    | Note
-------+----------+-------------------------------------------
     0 | D:1      | cforsyth the Kobold Brigand began the quest for the Orb.
     0 | D:1      | Reached XP level 1. HP: 12/12 MP: 1/1
   326 | D:1      | Reached XP level 2. HP: 18/18 MP: 2/2
   398 | D:1      | Found Pocwuof's Weapon Boutique.
   833 | D:1      | Reached XP level 3. HP: 22/22 MP: 3/3
  1069 | D:2      | Noticed Jessica
  1100 | D:2      | Killed Jessica
  1101 | D:2      | Reached skill level 6 in Stealth
  1101 | D:2      | Reached XP level 4. HP: 12/27 MP: 4/4
  1980 | D:2      | Reached XP level 5. HP: 32/32 MP: 5/5
  2425 | D:3      | Noticed Natasha
  2633 | D:3      | Found Vutausau's Distillery.
  3212 | D:3      | Killed Natasha
  3648 | D:4      | Reached XP level 6. HP: 38/38 MP: 6/6
  3652 | D:4      | Noticed Robin
  4163 | D:3      | Killed Robin
  4300 | D:4      | Noticed an ogre
  4312 | D:3      | Reached skill level 5 in Short Blades
  4397 | D:3      | Mangled by an ogre

Illustrated notes

Levels and vault maps discovered:
D:1:      lemuel_arrival_rhombus, layout_loops_corners, serial_shops,
          nicolae_shop_trees
D:2:      layout_loops_ring, dreamdust_mushroom_princess, minmay_hexomino_c4,
          uniq_jessica
D:3:      layout_basic, serial_shops, nicolae_shop_stone, minmay_goblin_outpost,
          uniq_natasha
D:4:      layout_cave_pools, grunt_temple_overflow_open, uniq_menkaure,
          uniq_robin, uniq_ijyb

Skill      XL: |  1  2  3  4  5  6 |
---------------+-------------------+-----
Short Blades   | 3 4 5 |  5.0
Dodging        | 2 3 |  3.9
Stealth        | 6 |  6.9
Fighting       | 3 4 |  4.0
Throwing       | |  2.1

Action                     |  1- 3 |  4- 6 || total
---------------------------+-------+-------++-------
  Melee: Dagger            |    54 |   283 ||   337
         Punch             |       |     4 ||     4
    Use: Potion            |       |     4 ||     4
   Stab: Sleeping          |    21 |    13 ||    34
         Distracted        |       |     1 ||     1
 Armour: Robe              |     9 |    71 ||    80
  Dodge: Dodged            |    40 |   267 ||   307

Table legend: (Time is in decaauts)
 A = Elapsed time spent in this place.
 B = Non-inter-level travel time spent in this place.
 C = Inter-level travel time spent in this place.
 D = Time resting spent in this place.
 E = Time spent auto-exploring this place.
 F = Levels seen in this place.
 G = Mean time per level.
                   A        B        C        D        E       F      G
               +--------+--------+--------+--------+--------+-----+--------+
         Total |   4338 |   4236 |    102 |    780 |   2634 |   4 | 1084.5 |
       Dungeon |   4338 |   4236 |    102 |    780 |   2634 |   4 | 1084.5 |
               +--------+--------+--------+--------+--------+-----+--------+

Top non-repeatable levels by time:
     D:3: 1986 daAuts
     D:1: 1175 daAuts
     D:2: 1130 daAuts
     D:4: 46 daAuts
